 Dungeon Crawl Stone Soup version 0.31-a0-538-gbc85326fa9 (webtiles) character file.

Game seed: 8502656956086681659

62271 cforsyth the Skirmisher (level 15, 0/103 HPs)
             Began as a Gnoll Artificer on Aug 13, 2023.
             Was a High Priest of Hepliaklqana.
             Succumbed to Nessos's poison
             ... on level 3 of the Lair of Beasts.
             The game lasted 00:47:23 (22562 turns).

cforsyth the Skirmisher (Gnoll Artificer)          Turns: 22562, Time: 00:47:23

Health: 0/103      AC: 18    Str: 13    XL:     15   Next: 5%
Magic:  24/28      EV: 13    Int: 16    God:    Hepliaklqana [*****.]
Gold:   980        SH:  0    Dex: 13    Spells: 21/33 levels left

rFire   . . .        H - +4 long sword (freeze)
rCold   + + .        (no shield)
rNeg    . . .        S - +2 scale mail {rC+}
rPois   .            (no helmet)
rElec   .            W - +2 cloak {rC+}
rCorr   .            (no gloves)
SInv    .            (no boots)
Will    +....        P - amulet of the acrobat
Stlth   +++          l - +4 ring of protection
HPRegen 0.37/turn    C - +4 ring of slaying
MPRegen 0.21/turn

%: acrobat
@: lethally poisoned (0 -> -33), studying Ranged Weapons
A: reduced essence, fangs 1, strong nose, distributed training
a: Renounce Religion, Recall Ancestor, Ancestor Identity, Transference, Idealise


You were on level 3 of the Lair of Beasts.
You worshipped Hepliaklqana.
Hepliaklqana was extremely pleased with you.
You visited 3 branches of the dungeon, and saw 17 of its levels.
You also visited: Ice Cave.

You collected 1066 gold pieces.
You spent 86 gold pieces at shops.

Inventory:

Hand Weapons
 w - a +3 whip
 H - a +4 long sword of freezing (weapon)
 V - a +1 bardiche of freezing
Missiles
 O - 2 throwing nets
Armour
 u - a +3 leather armour
 S - a +2 scale mail of cold resistance (worn)
 W - a +2 cloak of cold resistance (worn)
 Y - the +3 hat of Pondering {ponderous, Will+ MP+10 Int+5}
   (You took it off Gastronok on level 3 of the Lair of Beasts)

   Int+5:     It affects your intelligence (+5).
   Will+:     It increases your willpower.
   MP+10:     It affects your magic capacity (+10).
Jewellery
 e - a +4 ring of protection
 l - a +4 ring of protection (left hand)
 q - a ring of see invisible
 C - a +4 ring of slaying (right hand)
 F - a +5 ring of evasion
 I - a +6 ring of dexterity
 N - a ring of poison resistance
 P - an amulet of the acrobat (around neck)
 Q - a +4 ring of slaying
 T - the ring of Ugricluth {Ice rN+}
   (You found it in an ice cave)

   [ring of ice]

   Ice:       It enhances your ice magic.
   rF-:       It makes you vulnerable to fire.
   rC+:       It protects you from cold.
   rN+:       It protects you from negative energy.
 U - the ring "Veemiod" {*Slow rF+ rN+ Int+4 Stlth+}
   (You took it off a necromancer in an ice cave)

   [ring of positive energy]

   Int+4:     It affects your intelligence (+4).
   rF+:       It protects you from fire.
   rN+:       It protects you from negative energy.
   *Slow:     It may slow you when you take damage.
   Stlth+:    It makes you more stealthy.
Wands
 d - a wand of charming (22)
 k - a wand of polymorph (5)
 G - a wand of roots (5)
 K - a wand of mindburst (7)
 R - a wand of flame (17)
Scrolls
 a - a scroll of fear {unknown}
 f - 7 scrolls of teleportation
 g - 2 scrolls of amnesia {unknown}
 h - 4 scrolls of brand weapon {unknown}
 i - a scroll of silence {unknown}
 j - a scroll of enchant weapon {unknown}
 t - 2 scrolls of immolation {unknown}
 y - 3 scrolls of blinking {unknown}
 z - 4 scrolls of vulnerability {unknown}
 B - a scroll of acquirement {unknown}
 D - 3 scrolls of poison {unknown}
 E - 3 scrolls of enchant armour {unknown}
Potions
 b - a potion of enlightenment {unknown}
 c - a potion of attraction
 m - a potion of cancellation
 n - 10 potions of curing
 o - 3 potions of lignification
 p - 2 potions of mutation
 r - 2 potions of brilliance
 s - 2 potions of resistance
 v - 2 potions of magic
 x - 2 potions of haste
 A - 2 potions of heal wounds
 J - 2 potions of berserk rage
 L - a potion of might
Miscellaneous
 M - a condenser vane


   Skills:
 + Level 10.3 Fighting
 + Level 9.9 Short Blades
 + Level 9.9 Long Blades
 + Level 9.9 Axes
 + Level 9.9 Maces & Flails
 + Level 9.9 Polearms
 + Level 9.9 Staves
 + Level 13.8 Ranged Weapons
 + Level 9.9 Throwing
 + Level 10.9 Armour
 + Level 10.3 Dodging
 + Level 10.2 Stealth
 + Level 9.9 Shields
 + Level 9.9 Unarmed Combat
 + Level 9.9 Spellcasting
 + Level 8.3 Conjurations
 + Level 8.3 Hexes
 + Level 8.3 Summonings
 + Level 8.3 Necromancy
 + Level 8.3 Translocations
 + Level 8.3 Transmutations
 + Level 8.3 Fire Magic
 + Level 8.3 Ice Magic
 + Level 8.3 Air Magic
 + Level 8.3 Earth Magic
 + Level 8.3 Poison Magic
 + Level 10.8 Invocations
 + Level 11.8 Evocations
 + Level 8.3 Shapeshifting


You had 21 spell levels left.
You knew the following spells:

 Your Spells              Type           Power      Damage    Failure   Level
a - Tukima's Dance        Hex            34%        N/A       3%          3
b - Mephitic Cloud        Conj/Pois/Air  34%        N/A       3%          3
c - Call Canine Familiar  Summ           34%        N/A       3%          3
d - Summon Guardian Gole  Hex/Summ       34%        N/A       3%          3

Your spell library contained the following spells:

 Spells                   Type           Power      Damage    Failure   Level
 Magic Dart               Conj           100%       1d8       1%          1
 Shock                    Conj/Air       100%       1d9       1%          1
 Summon Small Mammal      Summ           100%       N/A       1%          1
 Call Imp                 Summ           68%        N/A       1%          2
 Searing Ray              Conj           68%        2d6       1%          2
 Sublimation of Blood     Necr           34%        N/A       1%          2
 Wereblood                Tmut           34%        N/A       1%          2
 Swiftness                Air            34%        N/A       3%          3
 Airstrike                Air            17%        2d(3-19)  10%         4
 Fulminant Prism          Conj/Hex       17%        3d11      10%         4
 Passage of Golubria      Tloc           34%        N/A       10%         4
 Yara's Violent Unravell  Hex/Tmut       17%        3d8       28%         5
 Summon Hydra             Summ           17%        N/A       100%        7


Dungeon Overview and Level Annotations

Branches:
Dungeon (13/15)            Temple (1/1) D:4            Lair (3/5) D:9
  Swamp (0/4) Lair:2       Spider (0/4) Lair:3          Orc (0/2) D:11
 Vaults (0/5) D:13          IceCv (visited)

Altars:
Ashenzari
Cheibriados
Dithmenos
Elyvilon
Fedhas
Gozag
Hepliaklqana
Kikubaaqudgha
Makhleb
Nemelex Xobeh
Okawaru
Qazlal
Ru
Sif Muna
Trog
Uskayaw
Vehumet
Wu Jian
Xom
Yredelemnul
Zin
The Shining One

Shops:
D:5 :   D:10 ?   D:13 !

Annotations:
D:3 2 runed translucent doors, arthad's ghost, amateur GrFE
D:8 3 runed translucent doors, randomguy2701's ghost, novice DENe
Lair:3 Nessos


Innate Abilities, Weirdness & Mutations

Your life essence is reduced to manifest your ancestor. (-10% HP)
You have very sharp teeth.
Your uncanny sense of smell can sniff out nearby items.
Your experience applies equally to all skills.


Message History

Gang up on whom?
Press: ? - help, Dir - move target, f - Nessos, p - elephant
Aim: Nessos, wielding a +1 longbow of flaming and wearing a +0 barding of flying (fast) Attack!
You feel extremely sick.
Nessos shoots an arrow.
The arrow hits you but does no damage. The elephant tramples your elephant!
Your elephant holds its ground!
The elephant trunk-slaps your elephant.
Your elephant tramples the elephant.
The elephant holds its ground!
Your elephant trunk-slaps the elephant.
Nessos shoots an arrow.
The arrow hits Vesna!!
The arrow burns Vesna.
* * * LOW HITPOINT WARNING * * *
You feel extremely sick.
Nessos shoots an arrow.
The arrow hits your hound! The arrow burns your hound.
Your hound is poisoned.
The elephant tramples you but does no damage.
The elephant barely misses you.
Your elephant tramples the elephant!
The elephant stumbles backwards!
Nessos shoots an arrow.
The arrow hits your hound!! The arrow burns your hound.
Your hound dies!
Your hound's corpse disappears in a puff of smoke!
Your guardian golem overheats!
You feel better.
Nessos shoots an arrow.
The arrow hits Vesna!!
The arrow burns Vesna.
Your guardian golem disappears in a puff of smoke!
Your guardian golem explodes!
The fiery explosion engulfs Vesna.
Vesna resists.
Your elephant tramples the elephant!
The elephant stumbles backwards!
The elephant tramples your elephant!
Your elephant holds its ground!
The elephant trunk-slaps your elephant.
An elephant comes into view.
Nessos shoots an arrow.
The arrow barely misses Vesna.
The arrow hits you!!
* * * LOW HITPOINT WARNING * * *
The arrow burns you.
You are lethally poisoned!
* * * LOW HITPOINT WARNING * * *
Vesna casts a spell at Nessos.
The bolt of magma hits Nessos!!
As you read the scroll of fog, it dissolves into smoke.
You die...

#........# #......Y.+
#........## #.........#
#.........# #...Y'..
#§.Y..####
####§§§.##..###
##...§@§§......###
#....§§§§§§......#####
#.......R.§......##..##
##......§§§(...#.......
#..............##..#...
#...........c..###.....
##.............# ##....
##..###.P#....###.....
### #.##.##.#..###..


You could see the friendly Vesna the battlemage (sheltered), Nessos (fast, ally
target), 2 elephants and a friendly elephant (charmed).

Vanquished Creatures
  A centaur warrior (D:13)
  2 two-headed ogres (D:13)
  A deep elf pyromancer (D:13)
  A necromancer (IceCv)
  2 ugly things
  A manticore (D:12)
  4 elephants
  3 gargoyles
  A rime drake (Lair:3)
  2 komodo dragons
  A freezing wraith (IceCv)
  12 blink frogs
  Grinder (D:3)
  2 culicivoras (Lair:3)
  Sigmund (D:3)
  A slime creature (D:13)
  13 yaks
  A basilisk (Lair:1)
  4 vampire mosquitoes
  A harpy simulacrum (IceCv)
  5 water moccasins
  An orc warrior (D:11)
  A sky beast (D:8)
  A black bear (D:6)
  3 centaurs
  8 wolves
  3 bullfrogs
  A cane toad simulacrum (IceCv)
  3 scorpions
  A wight (D:8)
  19 killer bees
  4 howler monkeys (D:10)
  5 crimson imps (D:10)
  7 hounds
  An orc priest (D:9)
  3 iguanas
  A sleepcap (D:5)
  Ijyb (D:2)
  Natasha (twice) (D:3)
  6 orc wizards
  A hell rat (Lair:3)
  11 gnolls
  2 adders (D:3)
  2 shadow imps
  A white imp (D:8)
  An ufetubus (D:4)
  2 worms
  2 dart slugs
  23 orcs
  An endoplasm (D:2)
  7 giant cockroaches
  14 goblins
  9 hobgoblins
  6 kobolds
  3 quokkas
  4 ball pythons
  5 bats
  5 frilled lizards
  10 rats
240 creatures vanquished.

Vanquished Creatures (collateral kills)
  Gastronok (Lair:3)
  A dire elephant (Lair:2)
  2 hydras (D:13)
  4 two-headed ogres
  2 boulder beetles (D:13)
  2 death yaks
  Nergalle (Lair:3)
  A skeletal warrior (D:12)
  A necromancer (D:13)
  A wizard (D:13)
  2 ugly things
  An oklob plant (Lair:1)
  2 cyclopes
  A manticore (D:13)
  16 elephants
  An ice statue (IceCv)
  2 cane toads
  3 gargoyles
  A kobold demonologist (D:13)
  A rime drake (D:12)
  An anaconda simulacrum (IceCv)
  5 ice devils (IceCv)
  A komodo dragon (Lair:2)
  2 trolls (D:12)
  9 blink frogs
  A tyrant leech (Lair:2)
  2 hornets
  A culicivora (Lair:3)
  A spriggan (Lair:2)
  A wraith (D:11)
  15 yaks
  5 wyverns
  3 basilisks
  A death yak simulacrum (IceCv)
  5 vampire mosquitoes
  A swamp worm (Lair:2)
  An acid dragon (D:11)
  8 water moccasins
  2 orc warriors
  A sky beast (D:8)
  A swamp drake (D:11)
  A black bear (Lair:2)
  A centaur (D:8)
  6 wolves
  3 kobold brigands
  3 gnoll sergeants
  8 bullfrogs
  2 cane toad simulacra (IceCv)
  4 wights (D:8)
  21 killer bees
  A howler monkey (D:10)
  4 crimson imps (D:10)
  2 orc priests
  A gnoll bouda (D:6)
  A sleepcap (D:7)
  7 orc wizards
  4 hell rats (Lair:3)
  4 polar bear simulacra (IceCv)
  2 wolf simulacra (IceCv)
  8 gnolls
  A naga simulacrum (IceCv)
  A shadow imp (D:6)
  2 ufetubi (IceCv)
  11 orcs
  2 kobolds
213 creatures vanquished.

Vanquished Creatures (others)
  A boulder beetle (D:12)
  3 death yaks
  3 skeletal warriors (D:12)
  2 ugly things (D:13)
  A manticore (D:13)
  An elephant (Lair:2)
  A torpor snail (Lair:3)
  A cane toad (Lair:2)
  A rime drake (D:12)
  2 freezing wraiths (IceCv)
  9 ice devils (IceCv)
  An anaconda simulacrum (IceCv)
  2 tyrant leeches (Lair:2)
  3 blink frogs (Lair:2)
  A dire elephant simulacrum (IceCv)
  5 yaks
  4 death yak simulacra (IceCv)
  A harpy simulacrum (IceCv)
  An acid dragon (D:13)
  A hydra simulacrum (IceCv)
  A water moccasin (Lair:3)
  2 wolves (Lair:2)
  A cane toad simulacrum (IceCv)
  An elephant simulacrum (IceCv)
  2 troll simulacra (IceCv)
  3 polar bear simulacra (IceCv)
  A wolf simulacrum (IceCv)
  18 battlemagi
  A naga simulacrum (IceCv)
74 creatures vanquished.

Grand Total: 527 creatures vanquished

Notes
Turn   | Place    | Note
-------+----------+-------------------------------------------
     0 | D:1      | cforsyth the Gnoll Artificer began the quest for the Orb.
     0 | D:1      | Reached XP level 1. HP: 17/17 MP: 1/1
   130 | D:1      | Reached XP level 2. HP: 23/23 MP: 2/2
   721 | D:1      | Reached XP level 3. HP: 28/28 MP: 3/3
   995 | D:2      | Noticed Ijyb
  1012 | D:2      | Reached skill level 1 in Ranged Weapons
  1012 | D:2      | Reached skill level 1 in Invocations
  1031 | D:2      | Killed Ijyb
  1032 | D:2      | Reached skill level 1 in Short Blades
  1032 | D:2      | Reached skill level 1 in Long Blades
  1032 | D:2      | Reached skill level 1 in Axes
  1032 | D:2      | Reached skill level 1 in Maces & Flails
  1032 | D:2      | Reached skill level 1 in Polearms
  1032 | D:2      | Reached skill level 1 in Staves
  1032 | D:2      | Reached skill level 1 in Throwing
  1032 | D:2      | Reached skill level 1 in Shields
  1032 | D:2      | Reached skill level 1 in Unarmed Combat
  1032 | D:2      | Reached skill level 1 in Spellcasting
  1032 | D:2      | Reached XP level 4. HP: 33/34 MP: 5/5
  1740 | D:3      | Reached skill level 1 in Conjurations
  1740 | D:3      | Reached skill level 1 in Hexes
  1740 | D:3      | Reached skill level 1 in Summonings
  1740 | D:3      | Reached skill level 1 in Necromancy
  1740 | D:3      | Reached skill level 1 in Translocations
  1740 | D:3      | Reached skill level 1 in Transmutations
  1740 | D:3      | Reached skill level 1 in Fire Magic
  1740 | D:3      | Reached skill level 1 in Ice Magic
  1740 | D:3      | Reached skill level 1 in Air Magic
  1740 | D:3      | Reached skill level 1 in Earth Magic
  1740 | D:3      | Reached skill level 1 in Poison Magic
  1740 | D:3      | Reached skill level 1 in Shapeshifting
  1796 | D:3      | Reached skill level 2 in Ranged Weapons
  1796 | D:3      | Reached XP level 5. HP: 35/40 MP: 5/7
  2120 | D:3      | Found a large runed translucent door.
  2121 | D:3      | Found a large runed translucent door.
  2123 | D:3      | Noticed Sigmund
  2124 | D:3      | Noticed arthad's ghost (amateur GrFE)
  2130 | D:3      | Killed Sigmund
  2131 | D:3      | Reached skill level 5 in Armour
  2131 | D:3      | Reached XP level 6. HP: 39/47 MP: 7/9
  2256 | D:3      | Noticed Grinder
  2352 | D:3      | Noticed Natasha
  2370 | D:3      | Killed Natasha
  2371 | D:3      | Reached skill level 3 in Ranged Weapons
  2832 | D:3      | Noticed Natasha
  2852 | D:3      | Killed Natasha
  2865 | D:3      | Paralysed by Grinder for 3 turns
  2889 | D:3      | Killed Grinder
  2890 | D:3      | Reached XP level 7. HP: 35/52 MP: 10/10
  3299 | D:4      | Found a staircase to the Ecumenical Temple.
  3314 | Temple   | Entered the Ecumenical Temple
  3756 | D:4      | Found a hazy altar of Hepliaklqana.
  3764 | D:4      | Became a worshipper of Hepliaklqana the Forgotten
  3968 | D:4      | Found a shimmering blue altar of Sif Muna.
  4160 | D:4      | Reached skill level 4 in Ranged Weapons
  4240 | D:5      | Entered Level 5 of the Dungeon
  4526 | D:5      | Found Ifusoqi's Self-Improvement Boutique.
  4543 | D:5      | Reached XP level 8. HP: 39/60 MP: 12/12
  4866 | D:5      | Reached * piety under Hepliaklqana
  5515 | D:6      | Reached skill level 5 in Ranged Weapons
  6760 | D:7      | Reached ** piety under Hepliaklqana
  6761 | D:7      | Remembered your ancestor Vesna as a battlemage
  6919 | D:7      | Found a broken altar of Ashenzari.
  6996 | D:7      | Reached XP level 9. HP: 48/59 MP: 14/14
  7337 | D:8      | Found a shadowy altar of Dithmenos.
  7360 | D:8      | Found a bloodstained altar of Trog.
  7535 | D:8      | Reached skill level 5 in Fighting
  7535 | D:8      | Reached skill level 6 in Ranged Weapons
  7535 | D:8      | Reached skill level 5 in Dodging
  7749 | D:8      | Reached skill level 5 in Stealth
  7949 | D:8      | Reached skill level 5 in Invocations
  8129 | D:8      | Noticed a white ugly thing
  8296 | D:8      | Killed a white ugly thing
  8297 | D:8      | Reached skill level 7 in Ranged Weapons
  8297 | D:8      | Reached XP level 10. HP: 67/67 MP: 17/17
  8345 | D:8      | Reached skill level 5 in Short Blades
  8345 | D:8      | Reached skill level 5 in Long Blades
  8345 | D:8      | Reached skill level 5 in Axes
  8345 | D:8      | Reached skill level 5 in Maces & Flails
  8345 | D:8      | Reached skill level 5 in Polearms
  8345 | D:8      | Reached skill level 5 in Staves
  8345 | D:8      | Reached skill level 5 in Throwing
  8345 | D:8      | Reached skill level 5 in Shields
  8345 | D:8      | Reached skill level 5 in Unarmed Combat
  8345 | D:8      | Reached skill level 5 in Spellcasting
  8641 | D:8      | Noticed an elephant
  8951 | D:8      | Found a runed translucent gate.
  8952 | D:8      | Found a runed translucent gate.
  8953 | D:8      | Found a runed translucent gate.
  8954 | D:8      | Noticed a spectral unseen horror
  8957 | D:8      | Noticed randomguy2701's ghost (novice DENe)
  8957 | D:8      | Noticed a spectral unseen horror
  9539 | D:9      | Reached *** piety under Hepliaklqana
  9709 | D:9      | Reached skill level 8 in Ranged Weapons
  9761 | D:9      | Noticed a two-headed ogre
  9766 | D:9      | Killed a two-headed ogre
 10114 | D:9      | Reached XP level 11. HP: 66/74 MP: 19/19
 10157 | D:9      | Reached skill level 5 in Conjurations
 10157 | D:9      | Reached skill level 5 in Hexes
 10157 | D:9      | Reached skill level 5 in Summonings
 10157 | D:9      | Reached skill level 5 in Necromancy
 10157 | D:9      | Reached skill level 5 in Translocations
 10157 | D:9      | Reached skill level 5 in Transmutations
 10157 | D:9      | Reached skill level 5 in Fire Magic
 10157 | D:9      | Reached skill level 5 in Ice Magic
 10157 | D:9      | Reached skill level 5 in Air Magic
 10157 | D:9      | Reached skill level 5 in Earth Magic
 10157 | D:9      | Reached skill level 5 in Poison Magic
 10157 | D:9      | Reached skill level 5 in Shapeshifting
 10459 | D:9      | Found a staircase to the Lair.
 10571 | D:10     | Entered Level 10 of the Dungeon
 10582 | D:10     | Reached skill level 9 in Ranged Weapons
 11145 | D:10     | Found Moylont's Magic Scroll Shoppe.
 11210 | D:10     | Bought a scroll of noise for 11 gold pieces
 11387 | D:11     | Reached **** piety under Hepliaklqana
 11392 | D:11     | Learned a level 3 spell: Summon Guardian Golem
 11471 | D:11     | Noticed a two-headed ogre
 11483 | D:11     | Killed a two-headed ogre
 11553 | D:11     | Noticed a two-headed ogre
 11559 | D:11     | Killed a two-headed ogre
 11815 | D:11     | Noticed a cyclops
 11825 | D:11     | Killed a cyclops
 12301 | D:11     | Learned a level 3 spell: Mephitic Cloud
 12310 | D:11     | Found a staircase to the Orcish Mines.
 12508 | D:12     | Reached skill level 10 in Ranged Weapons
 12508 | D:12     | Reached XP level 12. HP: 34/81 MP: 17/22
 12549 | D:12     | Found a frozen archway.
 12558 | D:12     | Learned a level 3 spell: Tukima's Dance
 12588 | D:12     | Learned a level 3 spell: Call Canine Familiar
 12636 | IceCv    | Entered an ice cave
 13282 | IceCv    | Found an ancient bone altar of Kikubaaqudgha.
 13750 | IceCv    | Reached skill level 10 in Evocations
 14234 | IceCv    | Identified the ring of Ugricluth {Ice rN+}
 14387 | IceCv    | Identified the ring "Veemiod" {*Slow rF+ rN+ Int+4 Stlth+}
 14423 | IceCv    | Reached skill level 11 in Ranged Weapons
 14935 | D:12     | Noticed a two-headed ogre
 14958 | D:12     | Killed a two-headed ogre
 14992 | D:12     | Noticed a boulder beetle
 15007 | D:12     | Killed a boulder beetle
 15020 | D:12     | Reached XP level 13. HP: 53/89 MP: 15/25
 16608 | D:13     | Reached ***** piety under Hepliaklqana
 16707 | D:13     | Found a gate to the Vaults.
 16717 | D:13     | Reached skill level 12 in Ranged Weapons
 17232 | D:13     | Found Xowuati's Distillery.
 17239 | D:13     | Bought a potion of heal wounds for 75 gold pieces
 17919 | Lair:1   | Entered Level 1 of the Lair of Beasts
 17945 | Lair:1   | Reached skill level 10 in Armour
 18338 | D:9      | Reached XP level 14. HP: 92/97 MP: 22/27
 18885 | Lair:1   | Identified the +9 battleaxe of Qazlal's Wrath {freeze, rF+
                  | Str+3}
 19053 | Lair:1   | Reached skill level 10 in Invocations
 20275 | Lair:2   | Reached skill level 13 in Ranged Weapons
 20459 | Lair:2   | Noticed a dire elephant
 20473 | Lair:2   | Killed a dire elephant
 21112 | Lair:2   | Reached skill level 10 in Fighting
 21112 | Lair:2   | Reached skill level 10 in Dodging
 21371 | Lair:2   | Found a staircase to the Swamp.
 21643 | Lair:3   | Found a hole to the Spider Nest.
 21643 | Lair:3   | Noticed Gastronok
 21665 | Lair:3   | Killed Gastronok
 21666 | Lair:3   | Reached skill level 10 in Stealth
 22244 | Lair:3   | Reached XP level 15. HP: 23/103 MP: 17/28
 22542 | Lair:3   | Noticed Nergalle
 22547 | Lair:3   | Noticed Nessos
 22552 | Lair:3   | Killed Nergalle
 22562 | Lair:3   | Succumbed to Nessos's poison

Illustrated notes

Levels and vault maps discovered:
D:1:      zaba_arrival_water, layout_basic
D:2:      kennysheep_the_goblin_king, layout_loops_cross, kennysheep_minor_cross
D:3:      layout_basic, ebering_ghost_disaster_area, uniq_natasha, uniq_grinder,
          uniq_sigmund
D:4:      layout_basic, mainiacjoe_overflow_alcove_4,
          mainiacjoe_overflow_small_starburst, minmay_temple_entry_overgrown,
          kennysheep_another_room, cheibrodos_gnoll_hut
D:5:      layout_rooms, nicolae_shop_self_help
D:6:      layout_layer_cave
D:7:      layout_rooms, nicolae_ashenzari_panopticon
D:8:      wad_woods_minihive, layout_basic, mainiacjoe_overflow_catwalk_spiral,
          gammafunk_ghost_necromancy
D:9:      layout_irregular_city, minmay_lair_entry_grove,
          hangedman_abyss_or_decor_lesser_grid, kennysheep_big_empty_room
D:10:     layout_long_grid, serial_shops, shop, minmay_misc_feat_pillars,
          grunt_decor_one_mirror, minmay_nine_imps
D:11:     layout_cross, erik_orc_1
D:12:     layout_basic, portal_ice_cave_rime
D:13:     minmay_s_stair_smasher, layout_long_grid, david_vaults_1,
          serial_shops, nicolae_shop_trees
Temple:   minmay_temple_bridge_d
Lair:1:   layout_long_grid
Lair:2:   mu_elephants_graveyard, layout_chaotic_city, minmay_swamp_entry_worms,
          lemuel_fruit_fields
Lair:3:   layout_roguey, hellmonk_spider_entry_life_and_decay,
          grunt_megastairs_3, uniq_nessos, uniq_nergalle, uniq_gastronok

Skill      XL: |  1  2  3  4  5  6  7  8  9 10 11 12 13 14 |
---------------+-------------------------------------------+-----
Ranged Weapons | 1 2 3 4 5 7 8 10 11 12 13 | 13.8
Invocations    | 1 2 3 4 5 6 7 8 9 10 | 10.8
Short Blades   | 1 2 3 4 5 7 8 9 |  9.9
Long Blades    | 1 2 3 4 5 7 8 9 |  9.9
Axes           | 1 2 3 4 5 7 8 9 |  9.9
Maces & Flails | 1 2 3 4 5 7 8 9 |  9.9
Polearms       | 1 2 3 4 5 7 8 9 |  9.9
Staves         | 1 2 3 4 5 7 8 9 |  9.9
Throwing       | 1 2 3 4 5 7 8 9 |  9.9
Shields        | 1 2 3 4 5 7 8 9 |  9.9
Unarmed Combat | 1 2 3 4 5 7 8 9 |  9.9
Spellcasting   | 1 2 3 4 5 7 8 9 |  9.9
Conjurations   | 1 2 3 4 5 6 7 8 |  8.3
Hexes          | 1 2 3 4 5 6 7 8 |  8.3
Summonings     | 1 2 3 4 5 6 7 8 |  8.3
Necromancy     | 1 2 3 4 5 6 7 8 |  8.3
Translocations | 1 2 3 4 5 6 7 8 |  8.3
Transmutations | 1 2 3 4 5 6 7 8 |  8.3
Fire Magic     | 1 2 3 4 5 6 7 8 |  8.3
Ice Magic      | 1 2 3 4 5 6 7 8 |  8.3
Air Magic      | 1 2 3 4 5 6 7 8 |  8.3
Earth Magic    | 1 2 3 4 5 6 7 8 |  8.3
Poison Magic   | 1 2 3 4 5 6 7 8 |  8.3
Shapeshifting  | 1 2 3 4 5 6 7 8 |  8.3
Fighting       | 3 4 5 6 7 8 9 10 | 10.3
Dodging        | 3 4 5 6 7 8 9 10 | 10.3
Armour         | 5 6 7 8 9 10 | 10.9
Stealth        | 3 4 5 6 7 8 9 10 | 10.2
Evocations     | 7 8 9 10 11 | 11.8

Action                     |  1- 3 |  4- 6 |  7- 9 | 10-12 | 13-15 || total
---------------------------+-------+-------+-------+-------+-------++-------
  Melee: Club              |   126 |   187 |   185 |       |       ||   498
         Bite              |     9 |    19 |    50 |    22 |    41 ||   141
         Punch             |     1 |     2 |    12 |     9 |    18 ||    42
         Unarmed           |    16 |       |       |       |       ||    16
         Whip              |       |       |   199 |       |       ||   199
         Long sword        |       |       |     7 |   258 |   274 ||   539
   Cast: Summon Guardian G |       |       |       |    51 |    76 ||   127
         Mephitic Cloud    |       |       |       |     3 |       ||     3
         Call Canine Famil |       |       |       |    24 |    73 ||    97
 Invoke: Recall Ancestor   |       |       |     1 |     2 |     1 ||     4
         Ancestor Life: Ba |       |       |     1 |       |       ||     1
  Evoke: Wand              |       |    19 |     4 |     3 |     6 ||    32
    Use: Scroll            |       |       |       |    15 |     4 ||    19
         Potion            |       |       |       |       |     5 ||     5
   Stab: Sleeping          |     4 |     3 |     3 |     1 |     3 ||    14
         Confused          |     1 |       |       |       |       ||     1
         Distracted        |       |       |     1 |     2 |     9 ||    12
 Armour: Leather armour    |    34 |   102 |   219 |    90 |       ||   445
         Skin              |     2 |       |       |       |       ||     2
         Scale mail        |       |       |       |    31 |   176 ||   207
  Dodge: Dodged            |   106 |   146 |   354 |   196 |   259 ||  1061

Table legend: (Time is in decaauts)
 A = Elapsed time spent in this place.
 B = Non-inter-level travel time spent in this place.
 C = Inter-level travel time spent in this place.
 D = Time resting spent in this place.
 E = Time spent auto-exploring this place.
 F = Levels seen in this place.
 G = Mean time per level.
                   A        B        C        D        E       F      G
               +--------+--------+--------+--------+--------+-----+--------+
         Total |  22752 |  22302 |    450 |   1860 |  15809 |  18 | 1264.0 |
       Dungeon |  16516 |  16099 |    417 |   1441 |  11669 |  13 | 1270.5 |
        Temple |      1 |      1 |      0 |      0 |      0 |   1 |    1.0 |
          Lair |   4150 |   4118 |     32 |    100 |   3047 |   3 | 1383.3 |
      Ice Cave |   2083 |   2083 |      0 |    319 |   1093 |   1 | 2083.0 |
               +--------+--------+--------+--------+--------+-----+--------+

Top non-repeatable levels by time:
   IceCv: 2083 daAuts
     D:8: 1925 daAuts
     D:9: 1857 daAuts
  Lair:2: 1754 daAuts
    D:13: 1732 daAuts
    D:12: 1643 daAuts
     D:6: 1505 daAuts
  Lair:1: 1471 daAuts
     D:4: 1378 daAuts
     D:3: 1367 daAuts
    D:11: 1115 daAuts
  Lair:3: 924 daAuts
     D:1: 922 daAuts
     D:2: 836 daAuts
     D:5: 805 daAuts
